[ PARTIDA AOE2 · #460141843 ]
UnrankedJaponeses vs Gurjaras
[ ANÁLISIS DE REPETICIÓN · EXTRAÍDO DE LA PARTIDA GRABADA ]
Feudal
—
Castillos
—
Imperial
—
| APM promedio | 6.7 |
| APM pico | 25 |
| eAPM promedio | 6.0 |
| Aldeanos / militares | 30 / 1709 |
Foco
⚔️ 92.2% · 🌾 7.8%
Samurai ×1330 · Knight ×166 · Hand Cannoneer ×163 · Mangonel ×35 · Scout Cavalry ×15
Feudal
—
Castillos
—
Imperial
—
| APM promedio | 5.9 |
| APM pico | 20 |
| eAPM promedio | 5.0 |
| Aldeanos / militares | 47 / 1168 |
Foco
⚔️ 90.6% · 🌾 9.4%
Tarkan ×543 · Knight ×224 · Cavalry Archer ×185 · Scorpion ×104 · Trebuchet (Packed) ×96 · Battering Ram ×16
Feudal
—
Castillos
—
Imperial
—
| APM promedio | 19.4 |
| APM pico | 90 |
| eAPM promedio | 14.3 |
| Aldeanos / militares | 39 / 1752 |
Foco
⚔️ 93.7% · 🌾 6.3%
Tarkan ×1334 · Trebuchet (Packed) ×157 · Cavalry Archer ×151 · Battering Ram ×39 · Mangonel ×28 · Archer ×16
Feudal
—
Castillos
—
Imperial
—
| APM promedio | 15.1 |
| APM pico | 53 |
| eAPM promedio | 12.5 |
| Aldeanos / militares | 61 / 1820 |
Foco
⚔️ 96.4% · 🌾 3.6%
Camel Scout ×745 · Hand Cannoneer ×278 · Chakram Thrower ×277 · Bombard Cannon ×154 · Scorpion ×151 · Mangonel ×66
Mapa de la partida
Recursos iniciales + cada clic de construcción. Líneas = muros · curvas = relieve. ◆ oro · ⬟ piedra · ● bayas · ✦ reliquia · ◌ hueco del cierre
Tu base· Abierta — hueco de 8t
Base de ScreenTalkLive· Abierta — hueco de 6t
Base de Lizard_King1022· Abierta — flanco sin cerrar
Base de GeneralJesusELee· Abierta — hueco de 8t
Terreno inicial suavizado · ◌ = hueco del cierre detectado · pasá el cursor para detalles
Inputs por minuto
— XWarHammerX3117 - - ScreenTalkLive
Build order — XWarHammerX3117
Primeras 150 de 276 acciones detectadas
| 0:19 | Construir | Castle |
| 0:21 | Construir | Castle |
| 0:25 | Construir | Castle |
| 0:29 | Construir | Castle |
| 0:37 | Crear | Villager (Male) ×15 |
| 2:44 | Crear | Samurai ×15 |
| 4:20 | Construir | Blacksmith |
| 5:03 | Construir | University |
| 5:52 | Construir | Siege Workshop |
| 6:05 | Construir | Stable |
| 6:08 | Construir | Stable |
| 6:11 | Construir | Stable |
| 6:15 | Construir | Stable |
| 6:37 | Construir | Archery Range |
| 6:39 | Construir | Archery Range |
| 6:42 | Construir | Archery Range |
| 6:49 | Construir | Archery Range |
| 7:33 | Crear | Mangonel ×15 |
| 7:52 | Crear | Knight |
| 8:12 | Construir | Castle |
| 8:15 | Construir | Castle |
| 8:21 | Construir | Castle |
| 8:24 | Construir | Castle |
| 8:29 | Construir | Castle |
| 8:34 | Construir | Castle |
| 8:48 | Crear | Scout Cavalry ×15 |
| 8:49 | Crear | Knight |
| 8:50 | Crear | Knight ×15 |
| 8:52 | Crear | Knight |
| 8:53 | Crear | Knight ×15 |
| 8:55 | Crear | Knight |
| 8:56 | Crear | Knight ×12 |
| 9:09 | Crear | Hand Cannoneer ×15 |
| 9:10 | Crear | Hand Cannoneer |
| 9:11 | Crear | Hand Cannoneer ×15 |
| 9:12 | Crear | Hand Cannoneer |
| 9:13 | Crear | Hand Cannoneer ×15 |
| 9:14 | Crear | Hand Cannoneer |
| 9:15 | Crear | Hand Cannoneer ×12 |
| 10:12 | Construir | Town Center |
| 10:34 | Crear | Samurai ×15 |
| 10:36 | Crear | Samurai |
| 10:37 | Crear | Samurai ×15 |
| 10:38 | Crear | Samurai |
| 10:38 | Crear | Samurai ×15 |
| 10:40 | Crear | Samurai |
| 10:41 | Crear | Samurai ×12 |
| 10:42 | Crear | Samurai |
| 10:42 | Crear | Samurai ×3 |
| 11:55 | Crear | Mangonel ×5 |
| 13:52 | Construir | Castle |
| 13:54 | Construir | Castle |
| 13:56 | Construir | Castle |
| 13:59 | Construir | Castle |
| 14:04 | Construir | Castle |
| 14:08 | Construir | Castle |
| 14:16 | Construir | Castle |
| 15:43 | Construir | Stone Wall |
| 16:17 | Construir | Stone Wall |
| 16:48 | Crear | Samurai ×15 |
| 16:50 | Crear | Samurai |
| 16:51 | Crear | Samurai ×15 |
| 16:52 | Crear | Samurai |
| 16:53 | Crear | Samurai ×15 |
| 16:54 | Crear | Samurai |
| 16:55 | Crear | Samurai ×15 |
| 16:56 | Crear | Samurai |
| 16:57 | Crear | Samurai ×15 |
| 16:58 | Crear | Samurai |
| 16:59 | Crear | Samurai ×15 |
| 17:00 | Crear | Samurai |
| 17:01 | Crear | Samurai ×15 |
| 17:02 | Crear | Samurai |
| 17:53 | Construir | Stone Wall |
| 18:41 | Construir | Stone Wall |
| 20:54 | Construir | Stone Wall |
| 23:22 | Crear | Knight ×15 |
| 23:24 | Crear | Knight |
| 23:25 | Crear | Knight ×15 |
| 23:26 | Crear | Knight |
| 23:27 | Crear | Knight ×15 |
| 23:28 | Crear | Knight |
| 23:29 | Crear | Knight ×12 |
| 23:39 | Crear | Samurai ×15 |
| 23:40 | Crear | Samurai |
| 23:41 | Crear | Samurai ×15 |
| 23:42 | Crear | Samurai |
| 23:43 | Crear | Samurai ×15 |
| 23:45 | Crear | Samurai |
| 23:46 | Crear | Samurai ×15 |
| 23:47 | Crear | Samurai |
| 23:48 | Crear | Samurai ×15 |
| 23:49 | Crear | Samurai |
| 25:11 | Construir | Stone Wall |
| 28:36 | Construir | Stone Wall |
| 29:40 | Construir | Gate |
| 30:13 | Construir | Stone Wall |
| 30:54 | Construir | Castle |
| 31:00 | Construir | Castle |
| 31:06 | Construir | Castle |
| 31:08 | Construir | Castle |
| 31:19 | Construir | Castle |
| 31:21 | Construir | Castle |
| 31:25 | Construir | Castle |
| 31:27 | Construir | Castle |
| 31:29 | Construir | Castle |
| 31:30 | Construir | Castle |
| 31:33 | Construir | Castle |
| 31:50 | Crear | Villager (Male) |
| 31:51 | Crear | Villager (Male) ×14 |
| 33:42 | Construir | Stone Wall |
| 35:49 | Crear | Samurai ×15 |
| 35:51 | Crear | Samurai |
| 35:52 | Crear | Samurai ×15 |
| 35:53 | Crear | Samurai |
| 35:54 | Crear | Samurai ×15 |
| 35:55 | Crear | Samurai |
| 35:56 | Crear | Samurai ×15 |
| 35:57 | Crear | Samurai |
| 35:58 | Crear | Samurai ×15 |
| 36:00 | Crear | Samurai |
| 36:00 | Crear | Samurai ×15 |
| 36:01 | Crear | Samurai |
| 36:02 | Crear | Samurai ×15 |
| 36:04 | Crear | Samurai |
| 36:05 | Crear | Samurai ×15 |
| 36:06 | Crear | Samurai |
| 36:06 | Crear | Samurai ×15 |
| 36:08 | Crear | Samurai |
| 36:08 | Crear | Samurai ×15 |
| 36:09 | Crear | Samurai |
| 36:10 | Crear | Samurai ×15 |
| 36:11 | Crear | Samurai |
| 36:12 | Crear | Samurai ×15 |
| 36:13 | Crear | Samurai |
| 36:14 | Crear | Samurai ×6 |
| 36:17 | Crear | Samurai |
| 36:18 | Crear | Samurai ×10 |
| 36:24 | Crear | Samurai |
| 36:25 | Crear | Samurai ×10 |
| 37:19 | Crear | Mangonel ×15 |
| 37:40 | Crear | Knight ×15 |
| 37:41 | Crear | Knight |
| 37:42 | Crear | Knight ×15 |
| 37:43 | Crear | Knight |
| 37:44 | Crear | Knight ×15 |
| 37:45 | Crear | Knight |
| 37:46 | Crear | Knight ×12 |
| 44:08 | Crear | Hand Cannoneer ×15 |
| 44:09 | Crear | Hand Cannoneer |
Build order — ScreenTalkLive
Primeras 150 de 241 acciones detectadas
| 0:08 | Construir | Stable |
| 0:12 | Crear | Villager (Male) ×15 |
| 0:13 | Crear | Villager (Male) |
| 0:37 | Construir | Stable |
| 0:45 | Construir | Stable |
| 0:51 | Construir | Archery Range |
| 1:04 | Crear | Tarkan ×15 |
| 1:40 | Crear | Tarkan ×15 |
| 1:40 | Crear | Tarkan |
| 1:41 | Crear | Tarkan ×15 |
| 1:41 | Crear | Tarkan |
| 1:56 | Construir | Castle |
| 2:07 | Crear | Villager (Male) ×4 |
| 2:13 | Crear | Cavalry Archer ×15 |
| 2:13 | Crear | Cavalry Archer |
| 2:26 | Construir | Stable |
| 2:40 | Construir | Archery Range |
| 3:13 | Construir | Stone Wall |
| 3:33 | Construir | Castle |
| 4:34 | Crear | Tarkan ×15 |
| 4:35 | Crear | Tarkan |
| 4:36 | Crear | Tarkan ×15 |
| 4:36 | Crear | Tarkan |
| 4:37 | Crear | Tarkan ×15 |
| 4:38 | Crear | Tarkan |
| 4:44 | Crear | Tarkan ×15 |
| 4:51 | Crear | Cavalry Archer ×15 |
| 4:52 | Crear | Cavalry Archer |
| 4:53 | Crear | Cavalry Archer ×6 |
| 4:53 | Crear | Cavalry Archer |
| 5:11 | Construir | Castle |
| 5:57 | Construir | Castle |
| 6:18 | Construir | Stone Wall |
| 6:23 | Crear | Villager (Male) ×10 |
| 6:23 | Crear | Villager (Male) |
| 6:27 | Crear | Trebuchet (Packed) ×9 |
| 6:48 | Construir | Watch Tower |
| 7:36 | Construir | Watch Tower |
| 8:05 | Construir | Stone Wall |
| 8:13 | Crear | Knight ×15 |
| 8:13 | Crear | Knight |
| 8:14 | Crear | Knight ×15 |
| 8:14 | Crear | Knight |
| 8:15 | Crear | Knight ×15 |
| 8:15 | Crear | Knight |
| 8:16 | Crear | Knight ×11 |
| 8:21 | Crear | Trebuchet (Packed) ×7 |
| 8:21 | Crear | Trebuchet (Packed) |
| 9:02 | Construir | Watch Tower |
| 9:37 | Construir | Watch Tower |
| 10:10 | Construir | Watch Tower |
| 10:47 | Construir | Stone Wall |
| 11:07 | Construir | Watch Tower |
| 11:17 | Construir | Watch Tower |
| 11:51 | Construir | Watch Tower |
| 12:07 | Construir | Watch Tower |
| 12:20 | Construir | Watch Tower |
| 12:30 | Construir | Watch Tower |
| 12:39 | Construir | Watch Tower |
| 12:46 | Crear | Tarkan ×15 |
| 12:46 | Crear | Tarkan |
| 13:11 | Construir | Stone Wall |
| 13:47 | Construir | Watch Tower |
| 14:20 | Construir | Watch Tower |
| 14:34 | Construir | Watch Tower |
| 15:47 | Construir | Castle |
| 16:11 | Construir | Stone Wall |
| 16:40 | Crear | Tarkan ×15 |
| 16:41 | Crear | Tarkan |
| 16:41 | Crear | Tarkan ×15 |
| 16:42 | Crear | Tarkan |
| 16:42 | Crear | Tarkan ×15 |
| 16:42 | Crear | Tarkan |
| 16:43 | Crear | Tarkan ×12 |
| 16:43 | Crear | Tarkan |
| 16:53 | Crear | Tarkan ×15 |
| 16:53 | Crear | Tarkan |
| 16:56 | Crear | Tarkan ×13 |
| 16:56 | Crear | Tarkan |
| 17:38 | Construir | Gate |
| 17:57 | Construir | Gate |
| 18:28 | Crear | Villager (Male) ×15 |
| 18:28 | Crear | Villager (Male) |
| 18:47 | Construir | Castle |
| 19:01 | Crear | Cavalry Archer ×15 |
| 19:02 | Crear | Cavalry Archer |
| 19:02 | Crear | Cavalry Archer ×14 |
| 19:02 | Crear | Cavalry Archer |
| 19:08 | Crear | Tarkan ×15 |
| 19:09 | Crear | Tarkan |
| 19:09 | Crear | Tarkan ×15 |
| 19:09 | Crear | Tarkan |
| 19:10 | Crear | Tarkan ×4 |
| 19:10 | Crear | Tarkan |
| 19:11 | Crear | Tarkan |
| 19:34 | Construir | Watch Tower |
| 20:05 | Construir | Castle |
| 20:14 | Crear | Tarkan ×15 |
| 20:14 | Crear | Tarkan |
| 20:15 | Crear | Tarkan ×14 |
| 20:15 | Crear | Tarkan |
| 20:21 | Crear | Tarkan ×15 |
| 20:21 | Crear | Tarkan |
| 20:22 | Crear | Tarkan ×3 |
| 20:22 | Crear | Tarkan |
| 20:50 | Construir | Castle |
| 20:59 | Crear | Tarkan ×15 |
| 20:59 | Crear | Tarkan |
| 21:02 | Crear | Tarkan ×3 |
| 21:02 | Crear | Tarkan |
| 21:38 | Construir | Castle |
| 21:49 | Crear | Trebuchet (Packed) ×15 |
| 21:50 | Crear | Trebuchet (Packed) |
| 21:50 | Crear | Trebuchet (Packed) ×15 |
| 21:50 | Crear | Trebuchet (Packed) |
| 21:51 | Crear | Trebuchet (Packed) |
| 21:51 | Crear | Trebuchet (Packed) |
| 22:26 | Construir | Castle |
| 22:35 | Crear | Trebuchet (Packed) ×15 |
| 22:35 | Crear | Trebuchet (Packed) |
| 22:36 | Crear | Trebuchet (Packed) ×8 |
| 22:37 | Crear | Trebuchet (Packed) |
| 23:24 | Construir | Castle |
| 23:38 | Crear | Tarkan ×15 |
| 23:38 | Crear | Tarkan |
| 23:39 | Crear | Tarkan ×13 |
| 23:39 | Crear | Tarkan |
| 23:40 | Crear | Tarkan |
| 23:51 | Crear | Tarkan ×15 |
| 23:51 | Crear | Tarkan |
| 23:52 | Crear | Tarkan ×15 |
| 23:52 | Crear | Tarkan |
| 23:53 | Crear | Tarkan ×15 |
| 23:53 | Crear | Tarkan |
| 23:54 | Crear | Tarkan ×8 |
| 23:54 | Crear | Tarkan |
| 24:12 | Crear | Tarkan ×2 |
| 24:12 | Crear | Tarkan |
| 24:13 | Crear | Tarkan |
| 24:13 | Crear | Tarkan |
| 24:50 | Construir | Stable |
| 25:15 | Crear | Tarkan ×15 |
| 25:15 | Crear | Tarkan |
| 25:16 | Crear | Tarkan ×13 |
| 25:16 | Crear | Tarkan |
| 25:17 | Crear | Tarkan |
| 25:17 | Crear | Tarkan |
| 25:49 | Construir | Siege Workshop |
| 26:08 | Construir | Stone Wall |
| 26:41 | Crear | Unit 1105 ×15 |
Build order — Lizard_King1022
Primeras 150 de 302 acciones detectadas
| 0:27 | Crear | Villager (Male) ×15 |
| 0:28 | Crear | Villager (Male) |
| 0:59 | Construir | Castle |
| 1:07 | Construir | Castle |
| 1:15 | Construir | Castle |
| 1:24 | Construir | Castle |
| 1:32 | Construir | Castle |
| 1:41 | Construir | Castle |
| 1:58 | Construir | Castle |
| 2:05 | Construir | Castle |
| 2:22 | Construir | Castle |
| 2:33 | Construir | Castle |
| 2:40 | Construir | Castle |
| 2:47 | Construir | Castle |
| 2:54 | Construir | Castle |
| 3:01 | Construir | Castle |
| 3:09 | Construir | Stable |
| 3:15 | Construir | Stable |
| 3:19 | Construir | Stable |
| 3:26 | Construir | Stable |
| 3:32 | Construir | Stable |
| 3:44 | Construir | Siege Workshop |
| 3:51 | Construir | Siege Workshop |
| 3:59 | Construir | Siege Workshop |
| 4:08 | Construir | Archery Range |
| 4:14 | Construir | Archery Range |
| 4:24 | Construir | Archery Range |
| 4:30 | Construir | Archery Range |
| 4:57 | Crear | Tarkan ×15 |
| 4:57 | Crear | Tarkan |
| 4:58 | Crear | Tarkan ×14 |
| 4:59 | Crear | Tarkan |
| 5:05 | Crear | Tarkan ×15 |
| 5:06 | Crear | Tarkan |
| 5:07 | Crear | Tarkan ×15 |
| 5:07 | Crear | Tarkan |
| 5:08 | Crear | Knight ×13 |
| 5:19 | Crear | Cavalry Archer ×15 |
| 5:19 | Crear | Cavalry Archer |
| 5:39 | Construir | Castle |
| 5:46 | Construir | Castle |
| 6:04 | Construir | Castle |
| 6:10 | Construir | Castle |
| 6:27 | Crear | Tarkan ×15 |
| 6:27 | Crear | Tarkan |
| 6:28 | Crear | Tarkan ×15 |
| 6:28 | Crear | Tarkan |
| 6:29 | Crear | Tarkan ×13 |
| 6:29 | Crear | Tarkan |
| 6:59 | Crear | Cavalry Archer ×15 |
| 6:59 | Crear | Cavalry Archer |
| 7:05 | Crear | Mangonel ×15 |
| 7:06 | Crear | Mangonel |
| 7:07 | Crear | Battering Ram ×15 |
| 7:07 | Crear | Battering Ram |
| 7:08 | Crear | Scorpion ×13 |
| 7:09 | Crear | Scorpion |
| 8:05 | Crear | Tarkan ×15 |
| 8:05 | Crear | Tarkan |
| 8:06 | Crear | Tarkan ×15 |
| 8:07 | Crear | Tarkan |
| 8:08 | Crear | Trebuchet (Packed) ×15 |
| 8:08 | Crear | Trebuchet (Packed) |
| 8:09 | Crear | Tarkan ×15 |
| 8:10 | Crear | Tarkan |
| 8:10 | Crear | Tarkan ×11 |
| 8:10 | Crear | Tarkan |
| 8:18 | Crear | Tarkan ×15 |
| 8:19 | Crear | Tarkan |
| 8:20 | Crear | Tarkan ×15 |
| 8:20 | Crear | Tarkan |
| 8:21 | Crear | Tarkan |
| 8:21 | Crear | Tarkan ×2 |
| 8:26 | Crear | Unit 1105 ×3 |
| 8:33 | Crear | Cavalry Archer ×8 |
| 8:48 | Crear | Tarkan ×15 |
| 8:49 | Crear | Tarkan |
| 8:50 | Crear | Trebuchet (Packed) ×15 |
| 9:09 | Crear | Villager (Male) ×15 |
| 9:09 | Crear | Villager (Male) |
| 9:24 | Crear | Tarkan ×15 |
| 9:24 | Crear | Tarkan |
| 9:25 | Crear | Tarkan ×15 |
| 9:26 | Crear | Tarkan |
| 9:27 | Crear | Trebuchet (Packed) ×5 |
| 9:27 | Crear | Trebuchet (Packed) |
| 9:36 | Construir | Castle |
| 9:41 | Construir | Castle |
| 9:47 | Construir | Castle |
| 10:09 | Construir | Castle |
| 10:19 | Crear | Tarkan ×15 |
| 10:19 | Crear | Tarkan |
| 10:20 | Crear | Tarkan ×15 |
| 10:20 | Crear | Tarkan |
| 10:21 | Crear | Tarkan ×5 |
| 10:22 | Crear | Tarkan ×2 |
| 10:22 | Crear | Tarkan |
| 10:29 | Crear | Trebuchet (Packed) ×15 |
| 10:30 | Crear | Trebuchet (Packed) |
| 10:30 | Crear | Tarkan ×15 |
| 10:31 | Crear | Tarkan |
| 10:32 | Crear | Tarkan ×15 |
| 10:32 | Crear | Tarkan |
| 10:49 | Crear | Tarkan ×15 |
| 10:49 | Crear | Tarkan |
| 10:50 | Crear | Tarkan ×15 |
| 10:50 | Crear | Tarkan |
| 10:53 | Crear | Trebuchet (Packed) ×5 |
| 11:06 | Crear | Tarkan ×13 |
| 11:12 | Crear | Archer ×15 |
| 11:12 | Crear | Archer |
| 11:13 | Crear | Cavalry Archer ×15 |
| 11:13 | Crear | Cavalry Archer |
| 11:14 | Crear | Cavalry Archer ×15 |
| 11:15 | Crear | Cavalry Archer |
| 11:22 | Crear | Mangonel ×12 |
| 11:31 | Crear | Trebuchet (Packed) ×15 |
| 11:31 | Crear | Trebuchet (Packed) |
| 11:32 | Crear | Tarkan ×5 |
| 11:33 | Crear | Tarkan |
| 11:34 | Crear | Tarkan ×3 |
| 11:34 | Crear | Tarkan |
| 12:04 | Crear | Tarkan ×15 |
| 12:04 | Crear | Tarkan |
| 12:05 | Crear | Tarkan ×15 |
| 12:05 | Crear | Tarkan |
| 12:07 | Crear | Trebuchet (Packed) ×15 |
| 12:07 | Crear | Trebuchet (Packed) |
| 12:08 | Crear | Tarkan ×6 |
| 12:26 | Crear | Villager (Male) ×7 |
| 12:33 | Crear | Cavalry Archer ×15 |
| 12:33 | Crear | Cavalry Archer |
| 12:34 | Crear | Cavalry Archer ×4 |
| 12:40 | Crear | Tarkan ×15 |
| 12:40 | Crear | Tarkan |
| 12:41 | Crear | Tarkan ×10 |
| 12:41 | Crear | Tarkan |
| 12:42 | Crear | Trebuchet (Packed) |
| 13:30 | Crear | Tarkan ×15 |
| 13:31 | Crear | Tarkan |
| 13:32 | Crear | Tarkan ×15 |
| 13:32 | Crear | Tarkan |
| 13:33 | Crear | Tarkan ×15 |
| 13:34 | Crear | Tarkan |
| 13:37 | Crear | Trebuchet (Packed) ×15 |
| 13:37 | Crear | Trebuchet (Packed) |
| 13:38 | Crear | Tarkan ×15 |
| 13:38 | Crear | Tarkan |
| 13:39 | Crear | Tarkan ×15 |
| 13:39 | Crear | Tarkan |
Build order — GeneralJesusELee
Primeras 150 de 334 acciones detectadas
| 0:07 | Crear | Villager (Male) ×15 |
| 0:13 | Construir | House |
| 0:17 | Construir | House |
| 0:21 | Construir | House |
| 1:21 | Construir | Castle |
| 1:28 | Construir | Castle |
| 2:15 | Construir | Town Center |
| 3:54 | Crear | Chakram Thrower ×15 |
| 3:54 | Crear | Chakram Thrower |
| 4:03 | Construir | Stable |
| 4:16 | Construir | Stable |
| 4:22 | Construir | Stable |
| 4:27 | Crear | Villager (Male) ×15 |
| 4:28 | Crear | Villager (Male) |
| 4:44 | Construir | Siege Workshop |
| 4:47 | Construir | Siege Workshop |
| 5:09 | Crear | Camel Scout ×15 |
| 5:10 | Crear | Camel Scout |
| 5:11 | Crear | Shrivamsha Rider ×15 |
| 5:12 | Crear | Shrivamsha Rider |
| 5:18 | Crear | Scout Cavalry ×13 |
| 5:32 | Construir | Stable |
| 5:40 | Construir | Stable |
| 5:44 | Construir | Stable |
| 6:10 | Construir | Castle |
| 6:23 | Construir | Castle |
| 7:38 | Construir | Stone Wall |
| 8:11 | Crear | Chakram Thrower ×15 |
| 8:11 | Crear | Chakram Thrower |
| 8:12 | Crear | Chakram Thrower ×15 |
| 8:13 | Crear | Chakram Thrower |
| 8:20 | Crear | Camel Scout ×15 |
| 8:20 | Crear | Camel Scout |
| 8:21 | Crear | Camel Scout ×15 |
| 8:22 | Crear | Camel Scout |
| 8:23 | Crear | Camel Scout ×15 |
| 8:23 | Crear | Camel Scout |
| 8:24 | Crear | Camel Scout ×15 |
| 8:25 | Crear | Camel Scout |
| 8:26 | Crear | Camel Scout |
| 8:58 | Construir | House |
| 9:03 | Construir | House |
| 9:11 | Construir | House |
| 9:17 | Construir | Castle |
| 9:40 | Construir | Castle |
| 9:46 | Construir | Castle |
| 10:30 | Crear | Camel Scout ×15 |
| 10:31 | Crear | Camel Scout |
| 10:31 | Crear | Camel Scout ×6 |
| 10:31 | Crear | Camel Scout |
| 11:02 | Crear | Scorpion ×15 |
| 11:03 | Crear | Scorpion |
| 11:04 | Crear | Mangonel ×14 |
| 11:49 | Crear | Camel Scout ×15 |
| 11:49 | Crear | Camel Scout |
| 11:50 | Crear | Camel Scout ×14 |
| 11:50 | Crear | Camel Scout |
| 11:51 | Crear | Camel Scout ×4 |
| 12:08 | Construir | Castle |
| 12:12 | Construir | Castle |
| 12:24 | Construir | Castle |
| 12:47 | Construir | Siege Workshop |
| 12:54 | Construir | Siege Workshop |
| 13:13 | Construir | Siege Workshop |
| 13:27 | Construir | Siege Workshop |
| 14:34 | Crear | Trebuchet (Packed) ×15 |
| 14:35 | Crear | Trebuchet (Packed) |
| 14:36 | Crear | Chakram Thrower ×15 |
| 14:36 | Crear | Chakram Thrower |
| 14:37 | Crear | Trebuchet (Packed) ×15 |
| 14:37 | Crear | Trebuchet (Packed) |
| 14:38 | Crear | Chakram Thrower ×15 |
| 14:39 | Crear | Chakram Thrower |
| 14:39 | Crear | Trebuchet (Packed) ×11 |
| 14:51 | Crear | Mangonel ×15 |
| 14:51 | Crear | Mangonel |
| 14:53 | Crear | Armored Elephant ×15 |
| 14:53 | Crear | Armored Elephant |
| 14:56 | Crear | Scorpion ×10 |
| 14:57 | Crear | Scorpion |
| 15:43 | Construir | Castle |
| 15:49 | Construir | Castle |
| 17:41 | Crear | Camel Scout ×15 |
| 17:41 | Crear | Camel Scout |
| 17:42 | Crear | Camel Scout ×15 |
| 17:42 | Crear | Camel Scout |
| 17:43 | Crear | Camel Scout ×15 |
| 17:43 | Crear | Camel Scout |
| 17:44 | Crear | Camel Scout ×15 |
| 17:44 | Crear | Camel Scout |
| 17:45 | Crear | Camel Scout ×15 |
| 17:45 | Crear | Camel Scout |
| 17:45 | Crear | Camel Scout |
| 17:46 | Crear | Camel Scout ×3 |
| 17:46 | Crear | Camel Scout |
| 17:59 | Crear | Bombard Cannon ×15 |
| 18:00 | Crear | Bombard Cannon |
| 18:00 | Crear | Bombard Cannon ×2 |
| 18:18 | Construir | Castle |
| 18:22 | Construir | Castle |
| 18:26 | Construir | Castle |
| 19:12 | Crear | Scorpion ×3 |
| 19:18 | Crear | Scorpion ×2 |
| 19:18 | Crear | Scorpion |
| 20:13 | Crear | Camel Scout ×15 |
| 20:13 | Crear | Camel Scout |
| 20:14 | Crear | Camel Scout ×10 |
| 20:32 | Construir | Castle |
| 20:44 | Crear | Scorpion ×12 |
| 22:06 | Construir | Castle |
| 22:13 | Construir | Castle |
| 22:18 | Construir | Castle |
| 22:25 | Crear | Camel Scout ×15 |
| 22:25 | Crear | Camel Scout |
| 22:26 | Crear | Camel Scout ×14 |
| 24:08 | Crear | Villager (Male) ×15 |
| 24:08 | Crear | Villager (Male) |
| 24:09 | Crear | Villager (Male) ×14 |
| 27:27 | Construir | Castle |
| 27:32 | Construir | Castle |
| 27:36 | Construir | Castle |
| 27:41 | Construir | Castle |
| 27:51 | Construir | Castle |
| 28:19 | Construir | House |
| 28:24 | Construir | House |
| 28:49 | Crear | Camel Scout ×15 |
| 28:49 | Crear | Camel Scout |
| 28:49 | Crear | Camel Scout ×15 |
| 28:49 | Crear | Camel Scout |
| 28:50 | Crear | Camel Scout ×15 |
| 28:50 | Crear | Camel Scout |
| 28:51 | Crear | Camel Scout |
| 28:52 | Crear | Camel Scout ×15 |
| 28:52 | Crear | Camel Scout |
| 28:53 | Crear | Camel Scout ×15 |
| 28:53 | Crear | Camel Scout |
| 28:54 | Crear | Camel Scout ×9 |
| 28:54 | Crear | Camel Scout |
| 29:19 | Construir | Castle |
| 29:23 | Construir | Castle |
| 29:29 | Crear | Bombard Cannon ×15 |
| 29:29 | Crear | Bombard Cannon |
| 29:30 | Crear | Mangonel ×8 |
| 29:30 | Crear | Mangonel |
| 29:43 | Crear | Bombard Cannon ×15 |
| 29:43 | Crear | Bombard Cannon |
| 29:44 | Crear | Scorpion ×15 |
| 29:44 | Crear | Scorpion |
| 29:45 | Crear | Bombard Cannon ×15 |
| 29:46 | Crear | Bombard Cannon |
Cronología de la partida
| 0:08 | ScreenTalkLive · first_building Stable |
| 0:19 | XWarHammerX3117 · first_building Castle |
| 0:51 | ScreenTalkLive · first_building Archery Range |
| 0:59 | Lizard_King1022 · first_building Castle |
| 1:21 | GeneralJesusELee · first_building Castle |
| 1:56 | ScreenTalkLive · first_building Castle |
| 3:09 | Lizard_King1022 · first_building Stable |
| 3:13 | ScreenTalkLive · wall_segment Stone Wall x12 |
| 3:44 | Lizard_King1022 · first_building Siege Workshop |
| 4:03 | GeneralJesusELee · first_building Stable |
| 4:08 | Lizard_King1022 · first_building Archery Range |
| 4:44 | GeneralJesusELee · first_building Siege Workshop |
| 5:52 | XWarHammerX3117 · first_building Siege Workshop |
| 6:05 | XWarHammerX3117 · first_building Stable |
| 6:18 | ScreenTalkLive · wall_segment Stone Wall x16 |
| 6:37 | XWarHammerX3117 · first_building Archery Range |
| 7:38 | GeneralJesusELee · wall_segment Stone Wall x38 |
| 8:05 | ScreenTalkLive · wall_segment Stone Wall x22 |
| 10:47 | ScreenTalkLive · wall_segment Stone Wall x29 |
| 13:11 | ScreenTalkLive · wall_segment Stone Wall x40 |
| 15:43 | XWarHammerX3117 · wall_segment Stone Wall x2 |
| 16:11 | ScreenTalkLive · wall_segment Stone Wall x21 |
| 16:17 | XWarHammerX3117 · wall_segment Stone Wall x8 |
| 17:53 | XWarHammerX3117 · wall_segment Stone Wall x9 |
| 18:41 | XWarHammerX3117 · wall_segment Stone Wall x23 |
| 20:54 | XWarHammerX3117 · wall_segment Stone Wall x1 |
| 25:11 | XWarHammerX3117 · wall_segment Stone Wall x30 |
| 25:49 | ScreenTalkLive · first_building Siege Workshop |
| 26:08 | ScreenTalkLive · wall_segment Stone Wall x6 |
| 28:36 | XWarHammerX3117 · wall_segment Stone Wall x13 |
| 29:56 | Lizard_King1022 · wall_segment Stone Wall x30 |
| 30:08 | Lizard_King1022 · wall_segment Stone Wall x10 |
| 30:13 | XWarHammerX3117 · wall_segment Stone Wall x9 |
| 33:42 | XWarHammerX3117 · wall_segment Stone Wall x26 |
| 43:11 | GeneralJesusELee · first_building Archery Range |
[ ANÁLISIS IA · 1 CRÉDITO ]
¿Qué pasó realmente en esta partida?
Wolo.gg analiza cada decisión: build order, eco, micro, errores típicos por bracket. Análisis personalizado por WhatsApp o Discord en 30 segundos.
Guía civ
Japoneses
Guía mapa
Cenotes
Perfil
XWarHammerX3117